 Dungeon Sprint DCSS version 0.30-a0-800-g7c544603b3 (webtiles) character file.

Game seed: 10338921131818325488

18377 rocky1 the Bludgeoner (level 12, -8/92 HPs)
             Began as a Gargoyle Fighter on Feb 21, 2023.
             Was an Initiate of Gozag.
             Killed from afar by an ice dragon (illusionary) (41 damage)
             ... with a blast of cold
             ... in the Dungeon (Sprint IX: "|||||||||||||||||||||||||||||").
             The game lasted 00:10:20 (3135 turns).

rocky1 the Bludgeoner (Gargoyle Fighter)            Turns: 3135, Time: 00:10:20

Health: -8/92      AC: 35    Str: 25    XL:     12   Next: 57%
Magic:  12/12      EV: 14    Int:  9    God:    Gozag
Gold:   1200       SH: 18    Dex:  9    Spells: 11/11 levels left

rFire   + . .      SeeInvis .    q - +1 morningstar (protect)
rCold   . . .      Faith    .    i - +0 kite shield
rNeg    + . .      Spirit   .    B - +4 scale mail {rF+}
rPois   ∞          Reflect  +    (no helmet)
rElec   +          Harm     .    D - +1 cloak
rCorr   +          Rampage  .    c - +1 pair of gloves {hurl}
Will    .....      NoTele   +    o - +0 pair of boots Stlth
                                 a - amulet of reflection
HPRegen 0.35/turn                s - +2 ring of evasion
MPRegen 0.13/turn                t - ring of resist corrosion

@: brilliant, under a protective aura
A: sickness immunity, AC +8, negative energy resistance 1, electricity
resistance, torment resistance 1, petrification resistance
a: Renounce Religion, Potion Petition, Call Merchant, Bribe Branch


You were in the Dungeon.
You worshipped Gozag.
Gozag was most pleased with you.
You visited 1 branch You collected 7075 gold pieces.
You spent 2397 gold pieces at shops.
You paid 3478 gold pieces to Gozag.

Inventory:

Hand Weapons
 b - the +5 whip "Qighoax" {vamp, rPois rF- Int+4}
   (You bought it in a shop in the Dungeon)

   Int:       It affects your intelligence (+4).
   rF:        It makes you vulnerable to fire.
   rPois:     It protects you from poison.
 q - a +1 morningstar of protection (weapon)
Armour
 c - a +1 pair of gloves of hurling (worn)
 i - a +0 kite shield (worn)
 o - a +0 pair of boots (worn)
 x - a +0 cloak
 B - a +4 scale mail of fire resistance (worn)
 D - a +1 cloak (worn)
Jewellery
 a - an amulet of reflection (around neck)
 p - a ring of willpower
 r - a ring of see invisible
 s - a +2 ring of evasion (left hand)
 t - a ring of resist corrosion (right hand)
 C - a ring of willpower
Wands
 m - a wand of iceblast (9)
Scrolls
 f - a scroll of enchant weapon
 j - 4 scrolls of blinking
 l - 3 scrolls of amnesia
 u - 5 scrolls of fear
 v - 8 scrolls of enchant armour
 w - 3 scrolls of fog
 y - a scroll of butterflies
 F - a scroll of identify
Potions
 d - a potion of might
 e - 5 potions of curing
 g - a potion of flight
 h - 4 potions of magic
 k - 2 potions of brilliance
 n - 2 potions of heal wounds
 z - a potion of degeneration
 A - a potion of haste
 E - 2 potions of resistance


   Skills:
 + Level 17.7 Fighting
 - Level 18.2 Maces & Flails
 + Level 11.3 Armour
 + Level 8.2 Dodging
 + Level 17.7 Shields


You had 11 spell levels left.
You didn't know any spells.
Your spell library contained the following spells:

 Spells                   Type           Power      Damage    Failure   Level
 Blade Hands              Tmut           0%         N/A       100%        5
 Irradiate                Conj/Tmut      0%         3d11      100%        5
 Dragon Form              Tmut           0%         N/A       100%        7


Dungeon Overview and Level Annotations

Branches:
Dungeon (1/1)

Altars:
Cheibriados
Dithmenos
Elyvilon
Fedhas
Gozag
Hepliaklqana
Kikubaaqudgha
Makhleb
Nemelex Xobeh
Okawaru
Qazlal
Ru
Sif Muna
Trog
Uskayaw
Vehumet
Wu Jian
Xom
Yredelemnul
Zin
The Shining One
Jiyva
Lugonu

Shops:
D ([**=


Innate Abilities, Weirdness & Mutations

You are immune to sickness and miasma.
Your stone body is resilient. (AC +8)
You are immune to poison.
You resist negative energy. (rN+)
You are resistant to electric shocks. (rElec)
You are resistant to unholy torment.
You are immune to petrification.


Message History

You flicker for a moment.
The ice dragon roars deafeningly!
You block the ice dragon's attack. x2; The ice dragon tramples you.
You stumble backwards!
You hit the ice dragon but do no damage.
The ice dragon is moderately wounded.
The ice dragon roars deafeningly!
The ice dragon is no longer distracted by gold.
You hit the ice dragon but do no damage.
The ice dragon is moderately wounded.
The ice dragon roars deafeningly!
The rakshasa weaves an illusion.
The ice dragon shimmers and seems to become two!
You block the ice dragon's attack.
The ice dragon claws you but does no damage.
The ice dragon barely misses you.
You sock the ice dragon!
The ice dragon is severely wounded.
The ice dragon roars deafeningly! x2
You hit the ice dragon but do no damage.
The ice dragon is severely wounded.
The ice dragon roars deafeningly! x2
You block the ice dragon's attack. The ice dragon completely misses you.
You block the ice dragon's attack.
You hit the ice dragon.
The ice dragon is almost dead.
The ice dragon roars deafeningly! x2
The ice dragon bites you. You block the ice dragon's attack.
The ice dragon tramples you but does no damage.
You catch the helpless ice dragon completely off-guard!
You puncture the ice dragon!
You kill the ice dragon!
The ice dragon's corpse shimmers and vanishes!
The ice dragon roars deafeningly! x2
You flicker back into view.
The ice dragon roars deafeningly!
The ice dragon breathes frost at you. The blast of cold hits you!!!
You die...
Your body crumbles into a pile of gold.

▓▓▓▓▓▓▓▓▓▓▓▓▓▓▓▓▓▓▓▓▓▓▓▓
.......$$$$$.$$$@DDR....
▓▓▓▓▓▓▓▓▓▓▓▓▓▓▓▓▓▓▓▓▓▓▓▓▓▓▓▓▓▓▓▓▓
.................................
▓▓▓▓▓▓▓▓▓▓▓▓▓▓▓▓▓▓▓▓▓▓▓▓▓▓▓▓▓▓▓▓▓
))))..)..).)∩.)[∩.∩.[.∩.'........
▓▓▓▓▓▓▓▓▓▓▓▓▓▓▓▓▓▓▓▓▓▓▓▓▓▓▓▓▓▓▓▓▓
.................................
▓▓▓▓▓▓▓▓▓▓▓▓▓▓▓▓▓▓▓▓▓▓▓▓▓▓▓▓▓▓▓▓▓
.......'........(...'..[[[[..'...


You could see 2 ice dragons and a rakshasa.

Vanquished Creatures
  A fire giant (D)
  A very ugly thing (D)
  A stone giant (D)
  An ettin (D)
  A hydra (D)
  A boulder beetle (D)
  A centaur warrior (D)
  A death yak (D)
  A glowing orange brain (D)
  2 orc knights (D)
  9 orc sorcerers (D)
  A deep elf pyromancer (D)
  2 ugly things (D)
  3 manticores (D)
  4 cane toads (D)
  A rime drake (D)
  An unseen horror (D)
  A freezing wraith (D)
  A komodo dragon (D)
  A tengu conjurer (D)
  A troll (D)
  A meliai (D)
  A yak (D)
  A basilisk (D)
  3 wargs (D)
  2 hell hounds (D)
  6 water moccasins (D)
  12 orc warriors (D)
  3 wolves (D)
  2 bullfrogs (D)
  A gnoll sergeant (D)
  3 scorpions (D)
  A killer bee (D)
  A howler monkey (D)
  2 orc priests (D)
  7 orc wizards (D)
  An adder (D)
  A gnoll (D)
  9 orcs (D)
  3 goblins (D)
  A frilled lizard (D)
  A rat (D)
98 creatures vanquished.

Vanquished Creatures (others)
  A howler monkey (D)
1 creature vanquished.

Grand Total: 99 creatures vanquished

Notes
Turn   | Place    | Note
-------+----------+-------------------------------------------
     0 | D        | rocky1 the Gargoyle Fighter began the quest for the Orb.
     0 | D        | Reached XP level 1. HP: 14/14 MP: 1/1
    14 | D        | Reached skill level 3 in Maces & Flails
    23 | D        | Noticed a scorpion
    23 | D        | Noticed a scorpion
    23 | D        | Noticed a scorpion
    30 | D        | Killed a scorpion
    31 | D        | Reached skill level 5 in Fighting
    31 | D        | Reached skill level 5 in Maces & Flails
    31 | D        | Reached skill level 5 in Shields
    31 | D        | Reached XP level 2. HP: 18/21 MP: 2/2
    31 | D        | Reached XP level 3. HP: 23/26 MP: 3/3
    31 | D        | Reached XP level 4. HP: 27/31 MP: 4/4
    45 | D        | Reached skill level 6 in Maces & Flails
    56 | D        | Killed a scorpion
    57 | D        | Reached skill level 7 in Maces & Flails
    57 | D        | Reached XP level 5. HP: 33/37 MP: 5/5
    67 | D        | Reached skill level 8 in Maces & Flails
   342 | D        | Found a snail-covered altar of Cheibriados.
   342 | D        | Found a shadowy altar of Dithmenos.
   342 | D        | Found a white marble altar of Elyvilon.
   342 | D        | Found a blossoming altar of Fedhas.
   342 | D        | Found an opulent altar of Gozag.
   343 | D        | Found a hazy altar of Hepliaklqana.
   344 | D        | Found a viscous altar of Jiyva.
   345 | D        | Found an ancient bone altar of Kikubaaqudgha.
   346 | D        | Found a corrupted altar of Lugonu.
   347 | D        | Found a burning altar of Makhleb.
   348 | D        | Found a sparkling altar of Nemelex Xobeh.
   349 | D        | Found an iron altar of Okawaru.
   350 | D        | Became a worshipper of Gozag Ym Sagoz the Greedy
   351 | D        | Found a stormy altar of Qazlal.
   352 | D        | Found a sacrificial altar of Ru.
   353 | D        | Found a shimmering blue altar of Sif Muna.
   354 | D        | Found a bloodstained altar of Trog.
   355 | D        | Found a hide-covered altar of Uskayaw.
   356 | D        | Found a radiant altar of Vehumet.
   357 | D        | Found an ornate altar of the Wu Jian Council.
   358 | D        | Found a shimmering altar of Xom.
   359 | D        | Found a basalt altar of Yredelemnul.
   360 | D        | Found a glowing silver altar of Zin.
   361 | D        | Found a glowing golden altar of the Shining One.
   515 | D        | Noticed an orc warrior
   524 | D        | Reached XP level 6. HP: 30/44 MP: 6/6
   526 | D        | Reached skill level 9 in Maces & Flails
   537 | D        | Killed an orc warrior
   538 | D        | Reached skill level 10 in Maces & Flails
   548 | D        | Killed an unseen horror
   549 | D        | Reached skill level 11 in Maces & Flails
   549 | D        | Reached XP level 7. HP: 51/51 MP: 7/7
   929 | D        | Noticed a manticore
   929 | D        | Noticed a manticore
   929 | D        | Noticed a red ugly thing
   929 | D        | Noticed a troll
   939 | D        | Killed a manticore
   940 | D        | Reached skill level 10 in Fighting
   940 | D        | Reached skill level 12 in Maces & Flails
   940 | D        | Reached skill level 10 in Shields
   940 | D        | Reached XP level 8. HP: 37/57 MP: 8/8
   942 | D        | Killed a manticore
   954 | D        | Killed a red ugly thing
   955 | D        | Reached skill level 13 in Maces & Flails
   967 | D        | Killed a troll
   968 | D        | Reached XP level 9. HP: 41/64 MP: 9/9
  1191 | D        | Noticed a cane toad
  1191 | D        | Noticed a komodo dragon
  1194 | D        | Noticed a rime drake
  1198 | D        | Killed a cane toad
  1199 | D        | Reached skill level 14 in Maces & Flails
  1247 | D        | Killed a komodo dragon
  1248 | D        | Reached skill level 15 in Maces & Flails
  1256 | D        | Killed a rime drake
  1537 | D        | Noticed a cane toad
  1537 | D        | Noticed a cane toad
  1537 | D        | Noticed a five-headed hydra
  1537 | D        | Noticed a cane toad
  1538 | D        | Noticed a death yak
  1542 | D        | Killed a cane toad
  1543 | D        | Reached skill level 16 in Maces & Flails
  1543 | D        | Reached XP level 10. HP: 72/72 MP: 10/10
  1550 | D        | Killed a five-headed hydra
  1556 | D        | Killed a death yak
  1557 | D        | Reached skill level 17 in Maces & Flails
  1560 | D        | Killed a cane toad
  1568 | D        | Killed a cane toad
  1845 | D        | Reached skill level 18 in Maces & Flails
  2129 | D        | Reached XP level 11. HP: 58/80 MP: 11/11
  2295 | D        | Bought a crystal whip for 262 gold pieces
  2295 | D        | Identified the +5 whip "Qighoax" {vamp, rPois rF- Int+4}
                  | (You bought it in a shop in the Dungeon)
  2316 | D        | Noticed an orc knight
  2350 | D        | Killed an orc knight
  2351 | D        | Reached skill level 1 in Dodging
  2360 | D        | Noticed an orc knight
  2365 | D        | Reached skill level 15 in Fighting
  2365 | D        | Reached skill level 15 in Shields
  2374 | D        | Reached skill level 5 in Armour
  2385 | D        | Killed an orc knight
  2521 | D        | Found Ajaimey's Antique Armour Emporium.
  2521 | D        | Noticed an orc sorcerer
  2521 | D        | Noticed an orc sorcerer
  2521 | D        | Noticed an orc sorcerer
  2521 | D        | Noticed an orc sorcerer
  2533 | D        | Killed an orc sorcerer
  2537 | D        | Killed an orc sorcerer
  2541 | D        | Killed an orc sorcerer
  2543 | D        | Found Lyf Woet's Magic Scroll Shoppe.
  2543 | D        | Noticed an orc sorcerer
  2548 | D        | Killed an orc sorcerer
  2549 | D        | Found Oneask's Assorted Antiques.
  2550 | D        | Noticed an orc sorcerer
  2559 | D        | Killed an orc sorcerer
  2562 | D        | Found Xieckego's Assorted Antiques.
  2563 | D        | Noticed an orc sorcerer
  2565 | D        | Noticed an orc sorcerer
  2569 | D        | Killed an orc sorcerer
  2570 | D        | Reached skill level 5 in Dodging
  2570 | D        | Noticed a soul eater
  2577 | D        | Noticed a sun demon
  2582 | D        | Noticed an orc sorcerer
  2584 | D        | Killed an orc sorcerer
  2588 | D        | HP: 4/83 [orc sorcerer/bolt of fire (8)]
  2598 | D        | Killed an orc sorcerer
  2601 | D        | Noticed a sixfirhy
  2619 | D        | Paralysed by an orc sorcerer for 4 turns
  2627 | D        | Killed an orc sorcerer
  2824 | D        | Bought a pair of glowing gloves for 127 gold pieces
  2836 | D        | Bought a scroll of amnesia for 44 gold pieces
  2836 | D        | Bought a scroll of enchant armour for 82 gold pieces
  2836 | D        | Bought a scroll of fog for 44 gold pieces
  2836 | D        | Bought a scroll of enchant weapon for 82 gold pieces
  2836 | D        | Bought a scroll of enchant armour for 82 gold pieces
  2836 | D        | Bought a scroll of fog for 44 gold pieces
  2838 | D        | Bought a scroll of blinking for 82 gold pieces
  2840 | D        | Bought an amethyst potion for 22 gold pieces
  2840 | D        | Bought a potion of haste for 250 gold pieces
  2840 | D        | Bought a scroll labelled BEAGAI DETEKH for 25 gold pieces
  2840 | D        | Bought a shiny scale mail for 175 gold pieces
  2842 | D        | Bought a scroll of identify for 22 gold pieces
  2844 | D        | Bought a scroll of identify for 22 gold pieces
  2864 | D        | Bought a potion of heal wounds for 120 gold pieces
  2864 | D        | Bought a spiked ring mail for 216 gold pieces
  2864 | D        | Identified the +1 ring mail "Dupink" {Int+5 Dex-4} (You
                  | bought it in a shop in the Dungeon)
  2864 | D        | Bought a potion of curing for 72 gold pieces
  2864 | D        | Bought a scroll of fear for 96 gold pieces
  2864 | D        | Bought a runed morningstar for 168 gold pieces
  2872 | D        | Bought an amulet of reflection for 360 gold pieces
  3030 | D        | Noticed a red ugly thing
  3030 | D        | Noticed a centaur warrior
  3030 | D        | Noticed a boulder beetle
  3030 | D        | Noticed a manticore
  3040 | D        | Killed a red ugly thing
  3041 | D        | Noticed a fire giant
  3046 | D        | Noticed a deep elf pyromancer
  3063 | D        | Killed a fire giant
  3064 | D        | Reached XP level 12. HP: 35/90 MP: 12/12
  3071 | D        | Killed a boulder beetle
  3072 | D        | Killed a centaur warrior
  3077 | D        | Noticed an ettin
  3088 | D        | Noticed a red very ugly thing
  3090 | D        | Reached skill level 10 in Armour
  3091 | D        | Noticed a stone giant
  3096 | D        | Noticed a rakshasa
  3098 | D        | Noticed an ice dragon
  3109 | D        | Killed a red very ugly thing
  3123 | D        | Killed an ettin
  3126 | D        | Killed a stone giant
  3135 | D        | Killed from afar by an ice dragon (illusionary)

Illustrated notes

Levels and vault maps discovered:
D:        linesprint [early_d, line_temple, items_1, d_10, items_2, lair_1,
          lair_end, items_3, orc_1, orc_end, items_4, d_15, swamp_1, shoals_1,
          snake_1, spider_1, d_20, vaults_1, items_5, swamp_end, shoals_end,
          snake_end, spider_end, vaults_end, d_27, items_6, zot_1, zot_end,
          crypt_end, forest_end, elf_end, slime_end, tomb_end, abyss_end,
          pan_hell_end]

Skill      XL: |  1  2  3  4  5  6  7  8  9 10 11 12 |
---------------+-------------------------------------+-----
Maces & Flails | 5 7 8 11 12 13 16 18 | 18.2
Fighting       | 5 6 7 9 10 11 12 14 16 17 | 17.7
Shields        | 5 6 7 9 10 11 12 14 16 17 | 17.7
Armour         | 9 11 | 11.3
Dodging        | 6 8 |  8.2

Action                     |  1- 3 |  4- 6 |  7- 9 | 10-12 || total
---------------------------+-------+-------+-------+-------++-------
  Melee: Flail             |    20 |    73 |   131 |   281 ||   505
         Morningstar       |       |       |       |    90 ||    90
 Invoke: Potion Petition   |       |       |       |     5 ||     5
         Call Merchant     |       |       |       |     2 ||     2
  Evoke: Wand              |       |       |       |     1 ||     1
    Use: Potion            |       |     2 |     5 |     8 ||    15
         Scroll            |       |       |       |     2 ||     2
   Stab: Invisible         |       |       |     3 |    15 ||    18
         Distracted        |       |       |       |     2 ||     2
 Armour: Scale mail        |    11 |    40 |    36 |    78 ||   165
  Dodge: Dodged            |     5 |    21 |    24 |    75 ||   125
  Block: Buckler           |     6 |    21 |     4 |       ||    31
         Kite shield       |       |       |    37 |   147 ||   184
         Reflection        |       |       |       |     2 ||     2

Table legend: (Time is in decaauts)
 A = Elapsed time spent in this place.
 B = Non-inter-level travel time spent in this place.
 C = Inter-level travel time spent in this place.
 D = Time resting spent in this place.
 E = Time spent auto-exploring this place.
 F = Levels seen in this place.
 G = Mean time per level.
                   A        B        C        D        E       F      G
               +--------+--------+--------+--------+--------+-----+--------+
         Total |   2974 |   2974 |      0 |   1688 |      0 |   1 | 2974.0 |
       Dungeon |   2974 |   2974 |      0 |   1688 |      0 |   1 | 2974.0 |
               +--------+--------+--------+--------+--------+-----+--------+

Top non-repeatable levels by time:
       D: 2974 daAuts
